 Dungeon Crawl Stone Soup version 0.29.1-15-g9cfb28693d (webtiles) character file.

Game seed: 2572649910331834853

2080 pokedragonboy the Thaumaturge (level 9, -7/45 HPs)
             Began as a Deep Elf Conjurer on Mar 13, 2023.
             Was an Initiate of Sif Muna.
             Mangled by PhantomBowie's ghost (17 damage)
             ... on level 6 of the Dungeon.
             The game lasted 00:18:18 (7722 turns).

pokedragonboy the Thaumaturge (Deep Elf Conjurer)   Turns: 7722, Time: 00:18:18

Health: -7/45      AC:  6    Str:  4    XL:     9   Next: 6%
Magic:  4/24       EV: 12    Int: 28    God:    Sif Muna [......]
Gold:   175        SH:  0    Dex: 13    Spells: 11/26 levels left

rFire   . . .      SeeInvis .   D - +3 scythe
rCold   . . .      Faith    .   (shield currently unavailable)
rNeg    . . .      Spirit   .   a - +0 robe
rPois   .          Reflect  .   m - +0 helmet
rElec   .          Harm     .   w - +0 cloak
rCorr   .          Rampage  .   v - +1 pair of gloves {infuse}
Will    +....                   (no boots)
Stlth   ++........              (no amulet)
HPRegen 0.15/turn               f - ring of willpower
MPRegen 0.19/turn               y - ring of wizardry

@: no status effects
A: no striking features
a: Renounce Religion


You were on level 6 of the Dungeon.
You worshipped Sif Muna.
Sif Muna was noncommittal.
You visited 2 branches of the dungeon, and saw 7 of its levels.

You collected 340 gold pieces.
You spent 165 gold pieces at shops.

Inventory:

Hand Weapons
 x - a +2 falchion of holy wrath
 D - a +3 scythe (weapon)
Armour
 a - a +0 robe (worn)
 m - a +0 helmet (worn)
 t - the +1 leather armour of Zin's Esteem {rF+ rC- rN+ Dex+4}
   (You found it on level 4 of the Dungeon)

   Dex:       It affects your dexterity (+4).
   rF:        It protects you from fire.
   rC:        It makes you vulnerable to cold.
   rN:        It protects you from negative energy.
 v - a +1 pair of gloves of infusion (worn)
 w - a +0 cloak (worn)
Magical Staves
 C - a staff of fire
Jewellery
 c - an amulet of guardian spirit
 f - a ring of willpower (left hand)
 h - a +4 ring of slaying
 y - a ring of wizardry (right hand)
Wands
 o - a wand of polymorph (13)
 q - a wand of acid (17)
Scrolls
 e - a scroll of teleportation {unknown}
 g - a scroll of magic mapping {unknown}
 i - a scroll of noise {unknown}
 j - a scroll of silence {unknown}
 k - 2 scrolls of enchant weapon {unknown}
 l - a scroll of brand weapon {unknown}
 p - a scroll of fear {unknown}
 s - 4 scrolls of identify
 u - a scroll of amnesia {unknown}
Potions
 b - a potion of magic
 d - 5 potions of curing
 r - a potion of lignification {unknown}
 z - a potion of mutation {unknown}
 A - a potion of brilliance {unknown}
 B - a potion of flight {unknown}
 E - a potion of might {unknown}


   Skills:
 - Level 2.4 Dodging
 - Level 2.4 Stealth
 + Level 9.0 Spellcasting
 + Level 8.4 Conjurations
 + Level 8.3 Hexes
 + Level 4.2 Invocations


You had 11 spell levels left.
You knew the following spells:

 Your Spells              Type           Power      Damage    Failure   Level
a - Magic Dart            Conj           100%       1d8       1%          1
b - Searing Ray           Conj           100%       2d8       1%          2
c - Fulminant Prism       Conj/Hex       28%        3d14      1%          4
d - Iskenderun's Mystic   Conj/Tloc      36%        2d9       3%          4
e - Animate Dead          Necr           12%        N/A       17%         4

Your spell library contained the following spells:

 Spells                   Type           Power      Damage    Failure   Level
 Beastly Appendage        Tmut           24%        N/A       1%          1
 Dazzling Flash           Conj/Hex       100%       N/A       1%          3
 Wereblood                Tmut           12%        N/A       2%          2
 Spider Form              Tmut/Pois      12%        N/A       5%          3
 Haunt                    Necr/Summ      6%         N/A       100%        7
 Infestation              Necr           6%         N/A       100%        8


Dungeon Overview and Level Annotations

Branches:
Dungeon (6/15)             Temple (1/1) D:5

Altars:
Ashenzari
Dithmenos
Elyvilon
Fedhas
Gozag
Hepliaklqana
Kikubaaqudgha
Makhleb
Nemelex Xobeh
Okawaru
Qazlal
Ru
Sif Muna
Trog
Uskayaw
Vehumet
Wu Jian
Xom
Yredelemnul
Zin
The Shining One

Shops:
D:2 *   D:4 !?=**

Annotations:
D:2 1 runed translucent door, Crazy Yiuf
D:6 PhantomBowie's ghost, novice HOFi


Message History

Your fulminant prism explodes!
The blast of energy engulfs you!
The blast of energy engulfs PhantomBowie's ghost!
PhantomBowie's ghost is almost destroyed.
The blast of energy engulfs the bullfrog!!
You kill the bullfrog!
Sif Muna accepts your kill.
Your Spellcasting skill increases to level 9!
There is an open door here.
There is an open door here.
There is an open door here.
Casting: Fulminant Prism (dangerous; 1% risk of failure)
Confirm with . or Enter, or press ? or * to list all spells.
You erupt in a blast of force!
The mystic blast hits PhantomBowie's ghost but does no damage.
PhantomBowie's ghost is almost destroyed.
PhantomBowie's ghost attacks as you move away!
PhantomBowie's ghost barely misses you.
PhantomBowie's ghost attacks as you move away!
PhantomBowie's ghost hits you.
You open the door. PhantomBowie's ghost hits you.
PhantomBowie's ghost attacks as you move away!
PhantomBowie's ghost misses you.
There is an open door here.
PhantomBowie's ghost attacks as you move away!
PhantomBowie's ghost barely misses you.
There is an open door here.
PhantomBowie's ghost attacks as you move away!
PhantomBowie's ghost hits you!
* * * LOW HITPOINT WARNING * * *
PhantomBowie's ghost attacks as you move away!
PhantomBowie's ghost completely misses you.
Okay, then.
PhantomBowie's ghost attacks as you move away!
PhantomBowie's ghost barely misses you.
PhantomBowie's ghost attacks as you move away!
PhantomBowie's ghost hits you!
* * * LOW HITPOINT WARNING * * *
You feel better. PhantomBowie's ghost hits you!
You die...

............>.##...###.##)#......
....###............P.#..###.#####
#...'.#........).#..P#........~#.
#####.#+#............#..#.....~#.
###.....##...#..#....############
#.'.....##'##...##...............
#.#.....#...#....###....>...#####
#####.#'#...#+#.W#............##
'...'.#.......#.@)).#..........#
#...#####...###..).(...........##
......#.+...'.#.....##........###
#...#'#.#####.#+#...[......#...##
#...#.....#.....#..####.#<.##...#
##+##.....+.....##+######..#....#
#...#.....#.....#...#.#..........
#...#'#.#####.#+#...#'#....>.....
......#.'...'.#.......#..........


You could see PhantomBowie's ghost.

Vanquished Creatures
  Grinder (D:5)
  Sigmund (D:6)
  Eustachio (D:4)
  Edmund (D:6)
  2 black bears (D:6)
  An orc warrior (D:6)
  An ice beast (D:5)
  A phantom (D:5)
  2 bullfrogs (D:6)
  3 scorpions (D:5)
  5 hounds
  3 jellies
  2 orc priests (D:4)
  3 iguanas
  Natasha (thrice) (D:2)
  3 orc wizards
  11 adders
  A white imp (D:5)
  An ufetubus (D:5)
  2 worms
  4 dart slugs
  14 orcs
  7 bats
  3 endoplasms
  5 giant cockroaches
  7 goblins
  11 hobgoblins
  5 jackals
  4 kobolds
  2 quokkas
  5 ball pythons
  2 frilled lizards
  6 rats
  A fulminant prism (D:6)
124 creatures vanquished.

Vanquished Creatures (others)
  9 fulminant prisms
9 creatures vanquished.

Grand Total: 133 creatures vanquished

Notes
Turn   | Place    | Note
-------+----------+-------------------------------------------
     0 | D:1      | pokedragonboy the Deep Elf Conjurer began the quest for the
                  | Orb.
     0 | D:1      | Reached XP level 1. HP: 10/10 MP: 6/6
   122 | D:1      | Found a faded altar of an unknown god.
   187 | D:1      | Reached skill level 1 in Hexes
   235 | D:1      | Reached XP level 2. HP: 15/15 MP: 5/8
   238 | D:1      | Learned a level 2 spell: Searing Ray
  1236 | D:1      | Reached XP level 3. HP: 19/19 MP: 8/10
  1397 | D:2      | Noticed Natasha
  1403 | D:2      | Killed Natasha
  1404 | D:2      | Reached skill level 4 in Spellcasting
  1404 | D:2      | Reached skill level 5 in Conjurations
  1568 | D:2      | Noticed Natasha
  1571 | D:2      | Killed Natasha
  1572 | D:2      | Reached XP level 4. HP: 24/24 MP: 7/12
  1675 | D:2      | Found a runed translucent door.
  1676 | D:2      | Noticed Crazy Yiuf
  2263 | D:2      | Noticed Natasha
  2269 | D:2      | Killed Natasha
  2356 | D:2      | Found Vitt's General Store.
  2549 | D:3      | Reached XP level 5. HP: 28/28 MP: 9/14
  2765 | D:3      | Learned a level 4 spell: Animate Dead
  2770 | D:3      | Learned a level 4 spell: Fulminant Prism
  2829 | D:3      | Found a glowing silver altar of Zin.
  3068 | D:3      | Found an opulent altar of Gozag.
  3319 | D:4      | Reached skill level 5 in Spellcasting
  3372 | D:4      | Found Usepa's General Store.
  3427 | D:4      | Found Pebber's Magic Scroll Emporium.
  3489 | D:4      | Identified the +1 leather armour of Zin's Esteem {rF+ rC-
                  | rN+ Dex+4}
  3755 | D:4      | Reached XP level 6. HP: 32/32 MP: 11/16
  3966 | D:4      | Found Itwif's Assorted Antiques.
  3980 | D:4      | Bought a pair of glowing gloves for 165 gold pieces
  4079 | D:4      | Noticed Eustachio
  4088 | D:4      | Killed Eustachio
  4089 | D:4      | Reached skill level 6 in Spellcasting
  4089 | D:4      | Reached skill level 5 in Hexes
  4490 | D:4      | Found Pypn's Jewellery Shoppe.
  4565 | D:4      | Reached XP level 7. HP: 36/36 MP: 10/18
  4570 | D:4      | Learned a level 4 spell: Iskenderun's Mystic Blast
  4822 | D:4      | Found Onok's Distillery.
  4979 | D:5      | Entered Level 5 of the Dungeon
  5203 | D:5      | Noticed Grinder
  5219 | D:5      | Killed Grinder
  5220 | D:5      | Reached skill level 7 in Spellcasting
  5358 | D:5      | Found a staircase to the Ecumenical Temple.
  5364 | Temple   | Entered the Ecumenical Temple
  5364 | Temple   | Found a transporter.
  5364 | Temple   | Found a transporter.
  5366 | Temple   | Found a transporter.
  5366 | Temple   | Found a transporter.
  5391 | Temple   | Became a worshipper of Sif Muna the Loreminder
  5515 | D:5      | Reached skill level 1 in Invocations
  5579 | D:5      | Reached XP level 8. HP: 41/41 MP: 12/21
  6341 | D:6      | Reached skill level 8 in Spellcasting
  6893 | D:6      | Noticed Edmund
  6906 | D:6      | Killed Edmund
  7485 | D:6      | Found a runed translucent door.
  7489 | D:6      | Noticed PhantomBowie's ghost (novice HOFi)
  7535 | D:6      | Noticed Sigmund
  7539 | D:6      | Killed Sigmund
  7540 | D:6      | Reached XP level 9. HP: 45/45 MP: 11/23
  7685 | D:6      | Reached skill level 9 in Spellcasting
  7721 | D:6      | HP: 2/45 [PhantomBowie's ghost (10)]
  7722 | D:6      | Mangled by PhantomBowie's ghost

Illustrated notes

Levels and vault maps discovered:
D:1:      sevenhm_arrival_forest_fort_small_1, layout_loops_corners,
          serial_glass, glass_columns_b, glass_columns_a,
          shapermc_ecumenical_altar_acropolis
D:2:      layout_basic, serial_shops, shop_statue, uniq_natasha,
          uniq_crazy_yiuf_cottage
D:3:      layout_basic, mainiacjoe_overflow_brackets, zin_academy,
          kennysheep_cross_bottleneck
D:4:      layout_basic, serial_shops, nicolae_lakefront_shop,
          kennysheep_little_box, nicolae_lakefront_shop, shop, shop,
          small_statue_intersection, uniq_eustachio
D:5:      layout_loops_ring, minmay_temple_entry_wispy, uniq_grinder
D:6:      nicolae_cairo_tiling_large, layout_cave_pools, ebering_ghost_sewer_d,
          minivault_11, sigmund_edmund_badplayer
Temple:   hellmonk_temple_divided_pantheon

Skill      XL: |  1  2  3  4  5  6  7  8  9 |
---------------+----------------------------+-----
Hexes          | 1 2 3 4 5 6 8 |  8.3
Spellcasting   | 4 5 6 7 8 9 |  9.0
Conjurations   | 5 6 7 8 |  8.4
Invocations    | 1 4 |  4.2
Dodging        | |  2.4
Stealth        | |  2.4

Action                   |  1- 3 |  4- 6 |  7- 9 || total
-------------------------+-------+-------+-------++-------
Melee: Dagger            |       |     4 |       ||     4
       Falchion          |       |     3 |     1 ||     4
       Halberd           |       |       |     1 ||     1
 Cast: Magic Dart        |    43 |   100 |    46 ||   189
       Searing Ray       |     6 |    13 |    35 ||    54
       Fulminant Prism   |       |     1 |     9 ||    10
       Iskenderun's Myst |       |       |     4 ||     4
  Use: Scroll            |     1 |     1 |       ||     2
       Potion            |       |       |     4 ||     4
Armor: Robe              |     2 |     3 |    23 ||    28
Dodge: Dodged            |    13 |    16 |    43 ||    72
